 Dungeon Crawl Stone Soup version 0.27-a0-1219-g958d993 (webtiles) character file.

Game seed: 2604763072161188197

129534 ChaosMuffin the Warrior (level 16, -13/124 (141) HPs)
             Began as a Demonspawn Berserker on June 6, 2021.
             Was a High Priest of Trog.
             Mangled by a bog body (23 damage)
             ... on level 4 of the Swamp.
             The game lasted 02:39:07 (34610 turns).

ChaosMuffin the Warrior (Demonspawn Berserker)     Turns: 34610, Time: 02:39:20

HP:   -13/124 (141) AC: 34    Str: 23    XL:     16   Next: 50%
MP:   16/16         EV:  9    Int: 11    God:    Trog [*****.]
Gold: 4172          SH: 20    Dex: 15    Spells: 15/15 levels left

rFire    + . .     SeeInvis .   M - +3 whip "Rummage" {vorpal, rPois rF+ Int+3}
rCold    . . .     Faith    .   Y - +2 kite shield {AC+3}
rNeg     . . .     Spirit   .   l - +0 crystal plate armour
rPois    +         Reflect  +   V - +0 helmet
rElec    .         Harm     .   E - +1 cloak
rCorr    .         Rampage  .   y - +0 pair of gloves
Will     +....                  (boots unavailable)
Stlth    ..........             a - amulet "Cary Sue" {Reflect Slay+2 SH+5}
HPRegen  0.30/turn              N - ring of flight
MPRegen  0.15/turn              P - +4 ring of evasion

@: on berserk cooldown, flying, studying Evocations, heavily drained
A: talons 3, icy blue scales 2, powered by death 2, augmentation 1, demonic
magic 2
a: Renounce Religion, Berserk, Trog's Hand, Brothers in Arms


You were on level 4 of the Swamp.
You worshipped Trog.
Trog was extremely pleased with you.
You visited 4 branches of the dungeon, and saw 24 of its levels.
You also visited: Sewer, Ossuary, Ice Cave and Volcano.

You collected 4329 gold pieces.
You spent 157 gold pieces at shops.

Inventory:

Hand Weapons
 t - the +9 scimitar "Ifoqo" {antimagic, Str+3 Dex+3}
   (Trog gifted it to you on level 10 of the Dungeon)

   It reduces the magical energy of the wielder, and disrupts the spells and
   magical abilities of those hit.
   Natural abilities and divine invocations are not affected.
   It affects your strength (+3).
   It affects your dexterity (+3).
 z - a +3 flail of flaming
 M - the +3 whip "Rummage" (weapon) {vorpal, rPois rF+ Int+3}
   (You found it on level 2 of the Lair of Beasts)

   It inflicts extra damage upon your enemies.
   It affects your intelligence (+3).
   It protects you from fire.
   It protects you from poison.
Missiles
 q - 163 poisoned darts (quivered)
 u - 2 throwing nets
 S - a curare-tipped dart
Armour
 l - a +0 crystal plate armour (worn)
 y - a +0 pair of gloves (worn)
 E - a +1 cloak (worn)
 V - a +0 helmet (worn)
 Y - a +2 kite shield of protection (worn)
Jewellery
 a - the amulet "Cary Sue" (around neck) {Reflect Slay+2 SH+5}
   (You found it on level 2 of the Lair of Beasts)

   [amulet of reflection]

   It reflects blocked missile attacks.
   It affects your accuracy and damage with ranged weapons and melee attacks
   (+2).
   It affects your SH (+5).
 h - a ring of willpower
 w - a ring of protection from fire
 H - a ring of poison resistance
 J - a ring of poison resistance
 N - a ring of flight (left hand)
 O - a ring of protection from cold
 P - a +4 ring of evasion (right hand)
Wands
 d - a wand of flame (62)
 e - a wand of paralysis (23)
 G - a wand of digging (7)
 K - a wand of mindburst (29)
 R - a wand of charming (20)
 T - a wand of polymorph (36)
 U - a wand of iceblast (31)
 W - a wand of acid (29)
Scrolls
 j - 10 scrolls of teleportation
 m - 2 scrolls of silence
 p - a scroll of magic mapping
 v - 3 scrolls of fog
 x - a scroll of fear
 C - 5 scrolls of enchant weapon
 D - 4 scrolls of enchant armour
 F - 3 scrolls of blinking
Potions
 b - 7 potions of mutation {unknown}
 c - 2 potions of cancellation {unknown}
 f - 5 potions of might {unknown}
 g - 2 potions of heal wounds
 i - 13 potions of flight
 k - 13 potions of curing
 r - 3 potions of haste
 B - a potion of invisibility {unknown}
 I - 3 potions of resistance
 Q - a potion of magic {unknown}
 X - 4 potions of ambrosia
Miscellaneous
 n - a phial of floods
 o - a phantom mirror
 s - a condenser vane
 L - a piece from Xom's chessboard (15/15)
 Z - a piece from Xom's chessboard (15/15)


   Skills:
 * Level 17.1 Fighting
 - Level 12.3 Maces & Flails
 * Level 13.2 Armour
 - Level 1.7 Dodging
 * Level 12.0 Shields
 + Level 9.7 Evocations


You had 15 spell levels left.
You didn't know any spells.
Your spell library was empty.

Dungeon Overview and Level Annotations

Branches:
Dungeon (12/15)            Temple (0/1) D:5            Lair (6/6) D:9
  Swamp (4/4) Lair:4       Spider (0/4) Lair:4        Slime (0/5) Lair:6
    Orc (2/2) D:10            Elf (0/3) Orc:2         Sewer (visited)
Ossuary (visited)           IceCv (visited)         Volcano (visited)

Altars:
Ashenzari
Cheibriados
Dithmenos
Elyvilon
Fedhas
Hepliaklqana
Makhleb
Nemelex Xobeh
Qazlal
Ru
Sif Muna
Trog
Uskayaw
Xom
Yredelemnul
Zin
Beogh

Shops:
D:3 *   D:8 [   D:9 !   Orc:2 *!=(

Annotations:
D:8 2 transporters, Caerwyn's ghost, novice MfTm
Swamp:4 Mara


Innate Abilities, Weirdness & Mutations

You have claws for feet.
You are mostly covered in icy blue scales. (AC +3)
You regenerate health from kills.
Your magical and physical power is slightly enhanced at high health.
Spells you cast may paralyse nearby enemies.


Message History

You whack ChaosMuffin's illusion!
You claw ChaosMuffin's illusion, but do no damage.
ChaosMuffin's illusion is almost dead.
You block the phantom's attack.
You hit ChaosMuffin's illusion.
You claw ChaosMuffin's illusion, but do no damage.
ChaosMuffin's illusion is almost dead.
Your bunyip claws the phantom!
Your bunyip claws the phantom.
Your bunyip barely misses the phantom.
You block ChaosMuffin's illusion's attack.
The phantom hits your bunyip.
The phantom blinks!
Your bunyip blinks!
You hit ChaosMuffin's illusion but do no damage.
You claw ChaosMuffin's illusion, but do no damage.
ChaosMuffin's illusion is almost dead.
The bog body points at you and mumbles some strange words.
The bolt of cold hits you!!
* * * LOW HITPOINT WARNING * * *
You hit ChaosMuffin's illusion but do no damage.
You claw ChaosMuffin's illusion, but do no damage.
ChaosMuffin's illusion is almost dead.
ChaosMuffin's illusion hits you.
* * * LOW HITPOINT WARNING * * *
x2 The phantom barely misses your bunyip.
You hit ChaosMuffin's illusion but do no damage.
You claw ChaosMuffin's illusion, but do no damage.
ChaosMuffin's illusion is almost dead.
The bog body touches you but does no damage.
You hit ChaosMuffin's illusion.
You claw ChaosMuffin's illusion, but do no damage.
ChaosMuffin's illusion is almost dead.
Your bunyip dissolves into shadows!
ChaosMuffin's illusion hits you but does no damage.
You hit ChaosMuffin's illusion but do no damage.
You claw ChaosMuffin's illusion, but do no damage.
ChaosMuffin's illusion is almost dead.
The bog body touches you.
* * * LOW HITPOINT WARNING * * *
The bog body freezes you!!
You die...

♣≈≈≈≈WZWnF≈♣
♣♣≈≈†≈♣♣≈♣♣≈♣
♣≈≈♣♣♣♣@♣♣♣♣
♣≈..♣♣♣≈≈≈♣♣
♣♣.♣♣≈t≈≈≈≈♣♣ ♣
♣.≈♣♣♣≈≈≈♣♣w♣
≈.♣♣..♣♣♣♣≈♣♣W♣♣
≈.....≈♣♣♣♣♣@W≈♣
.≈.≈..≈.≈..@n.♣♣
≈≈...≈≈≈≈...W.♣
≈≈...≈≈≈≈.§..≈♣
§§≈≈≈≈≈≈≈...≈♣♣
≈≈≈..≈.≈≈..♣♣♣
.≈♣♣♣.≈≈≈≈.≈≈ ♣
♣§≈≈W.≈≈.♣
♣.≈≈≈≈...≈♣
♣.≈≈≈≈.♣♣♣♣


You could see a tyrant leech, a bog body, 4 phantoms and ChaosMuffin's illusion.

Vanquished Creatures
  Kirke (Lair:4)
  A thorn hunter (Swamp:3)
  A frost giant (IceCv)
  6 bunyips
  A red draconian (Volcano)
  3 eleionomae
  An ettin (Orc:2)
  The ghost of Gene the Severer, a journeyman MiBe of Trog (Lair:2)
  Josephine (Lair:4)
  4 ghost crabs
  Erolcha (D:12)
  2 ogre magi (Orc:2)
  6 hydras
  4 boulder beetles
  3 alligators
  A spriggan air mage (Swamp:1)
  A death knight (D:12)
  12 two-headed ogres
  11 death yaks
  Urug (Lair:4)
  A fire crab (Lair:6)
  A salamander mystic (Volcano)
  A skeletal warrior (D:12)
  3 goliath frogs
  2 deep trolls (Orc:2)
  4 spriggan druids
  6 bog bodies
  A swamp dragon (Swamp:3)
  Pikel (D:9)
  2 wolf spiders (Lair:2)
  An ugly thing (D:11)
  5 salamanders (Volcano)
  7 cyclopes
  A will-o-the-wisp (Swamp:2)
  A manticore (Lair:6)
  14 elephants
  4 black mambas
  3 molten gargoyles (Volcano)
  4 gargoyles
  An ice statue (IceCv)
  29 cane toads
  2 unseen horrors
  A torpor snail (Lair:6)
  A kobold demonologist (D:11)
  A swamp worm zombie (Swamp:4)
  An efreet (Volcano)
  11 rime drakes
  9 komodo dragons
  A freezing wraith (D:12)
  8 trolls (Orc:2)
  2 jumping spiders
  15 polar bears
  2 hornets (Swamp:1)
  14 tyrant leeches
  Grinder (D:5)
  34 blink frogs
  7 dream sheep
  3 alligator zombies (Swamp:4)
  2 spriggans (Swamp:1)
  A shadow (D:10)
  5 wraiths
  3 redbacks (Lair:4)
  4 hogs (Lair:4)
  10 wyverns
  13 basilisks
  4 fire bats (Lair:5)
  60 yaks
  10 vampire mosquitoes
  3 steam dragons
  Edmund (D:5)
  11 swamp worms
  3 hell hounds (Lair:6)
  5 swamp drakes
  10 water moccasins
  Purgy (Sewer)
  An ice beast (D:8)
  12 orc warriors
  2 sky beasts (D:7)
  2 black bears
  13 wolves (IceCv)
  21 ogres
  2 phantoms
  3 centaurs
  3 kobold brigands
  A wyvern zombie (D:5)
  25 bullfrogs
  A scorpion (D:3)
  2 gnoll sergeants (D:8)
  6 killer bees (D:8)
  6 electric eels
  A howler monkey (D:6)
  2 bullfrog zombies
  3 centaur zombies
  2 lava snakes (Lair:5)
  Crazy Yiuf (D:5)
  14 orc priests
  2 jellies (Lair:6)
  5 iguanas
  23 orc wizards
  6 hell rats (Lair:6)
  12 mummies (Ossuary)
  2 hound skeletons (D:4)
  A hound zombie (D:5)
  13 gnolls
  6 adders
  2 white imps
  An ufetubus (D:7)
  An adder zombie (D:5)
  An adder skeleton (D:5)
  2 dart slugs
  58 orcs
  10 endoplasms
  5 giant cockroaches
  8 goblins
  9 hobgoblins
  3 jackals (D:1)
  6 quokkas
  8 ball pythons
  2 bats
  3 frilled lizards
  A gnoll skeleton (Ossuary)
  25 kobolds
  A kobold skeleton (Ossuary)
  6 orc skeletons (Ossuary)
  2 rats
  11 rat skeletons (Ossuary)
  A fire vortex (Lair:5)
772 creatures vanquished.

Vanquished Creatures (collateral kills)
  A phantasmal warrior (Swamp:4)
  A dream sheep (Lair:2)
2 creatures vanquished.

Vanquished Creatures (others)
  A hydra (Swamp:4)
  6 bloated husks
  A human (Lair:4)
  A swamp worm (Swamp:4)
  A bush (Lair:6)
  22 foxfires
  52 fungi
  103 plants
187 creatures vanquished.

Grand Total: 961 creatures vanquished

Notes
Turn   | Place    | Note
-------+----------+-------------------------------------------
     0 | D:1      | ChaosMuffin the Demonspawn Berserker began the quest for
                  | the Orb.
     0 | D:1      | Reached XP level 1. HP: 18/18 MP: 1/1
   375 | D:1      | Gained mutation: Spells you cast may paralyse adjacent
                  | enemies. [demonic ancestry]
   375 | D:1      | Reached XP level 2. HP: 18/24 MP: 2/2
  1152 | D:1      | Reached skill level 4 in Fighting
  1648 | D:1      | Gained mutation: You have sharp toenails. [demonic
                  | ancestry]
  1648 | D:1      | Reached XP level 3. HP: 26/30 MP: 3/3
  2009 | D:2      | Reached ** piety under Trog
  2705 | D:3      | Reached skill level 5 in Fighting
  2705 | D:3      | Gained mutation: You regenerate a little health from kills.
                  | [demonic ancestry]
  2705 | D:3      | Reached XP level 4. HP: 20/39 MP: 4/4
  2945 | D:3      | Found a blossoming altar of Fedhas.
  2946 | D:3      | Found Quohan's General Store.
  3136 | D:3      | Found a shadowy altar of Dithmenos.
  3226 | D:3      | Found a bloodstained altar of Trog.
  3256 | D:3      | Noticed a scorpion
  3261 | D:3      | Killed a scorpion
  3262 | D:3      | Reached XP level 5. HP: 34/46 MP: 5/5
  3392 | D:3      | Reached skill level 6 in Fighting
  3747 | D:4      | Noticed an ogre
  3752 | D:4      | Killed an ogre
  3753 | D:4      | Gained mutation: You have razor-sharp toenails. [demonic
                  | ancestry]
  3753 | D:4      | Reached XP level 6. HP: 53/53 MP: 6/6
  3822 | D:4      | Reached skill level 7 in Fighting
  4277 | D:4      | Found a burning altar of Makhleb.
  4400 | D:4      | Found a hide-covered altar of Uskayaw.
  4400 | D:4      | Found a stormy altar of Qazlal.
  4400 | D:4      | Found a basalt altar of Yredelemnul.
  4401 | D:4      | Found a hazy altar of Hepliaklqana.
  4402 | D:4      | Found a sparkling altar of Nemelex Xobeh.
  4405 | D:4      | Found a broken altar of Ashenzari.
  4411 | D:4      | Found a sacrificial altar of Ru.
  4571 | D:4      | Reached skill level 8 in Fighting
  4773 | D:4      | Gained mutation: You are partially covered in icy blue
                  | scales. (AC +2) [demonic ancestry]
  4773 | D:4      | Reached XP level 7. HP: 55/62 MP: 7/7
  4841 | D:5      | Entered Level 5 of the Dungeon
  4843 | D:5      | Found a shimmering altar of Xom.
  4843 | D:5      | Noticed an angel
  5020 | D:5      | Found a runed translucent door.
  5021 | D:5      | Noticed Crazy Yiuf
  5176 | D:5      | HP: 4/93 [ogre/+0 giant club (12)]
  5255 | D:5      | Noticed Grinder
  5274 | D:5      | Killed Grinder
  5274 | D:5      | Reached *** piety under Trog
  5275 | D:5      | Reached skill level 9 in Fighting
  5413 | D:5      | Found a staircase to the Ecumenical Temple.
  5448 | D:5      | Found a glowing drain.
  5460 | Sewer    | Entered a sewer
  5480 | Sewer    | Noticed Purgy
  5491 | Sewer    | Killed Purgy
  5492 | Sewer    | Reached skill level 10 in Fighting
  5492 | Sewer    | Gained mutation: You are mostly covered in icy blue scales.
                  | (AC +3) [demonic ancestry]
  5492 | Sewer    | Reached XP level 8. HP: 59/72 MP: 8/8
  5792 | D:5      | Noticed Edmund
  5799 | D:5      | Killed Edmund
  6396 | D:5      | Killed Crazy Yiuf
  6624 | D:6      | Found a sand-covered staircase.
  6634 | Ossuary  | Entered an ossuary
  7561 | D:6      | Reached skill level 11 in Fighting
  8288 | D:7      | Reached **** piety under Trog
  8562 | D:7      | Reached XP level 9. HP: 69/81 MP: 9/9
  9291 | D:7      | Found a snail-covered altar of Cheibriados.
  9562 | D:8      | Reached skill level 5 in Maces & Flails
  9643 | D:8      | Found a transporter.
  9951 | D:8      | Reached ***** piety under Trog
 10004 | D:8      | Found Ytaj's Antique Armour Shoppe.
 10012 | D:8      | Bought a runed kite shield for 157 gold pieces
 10121 | D:8      | Found a bloodstained altar of Trog.
 10135 | D:8      | Found a transporter.
 10137 | D:8      | Noticed a moth of wrath
 10139 | D:8      | Noticed Caerwyn's ghost (novice MfTm)
 10139 | D:8      | Noticed a troll
 10407 | D:9      | Noticed a boulder beetle
 10423 | D:9      | Killed a boulder beetle
 10495 | D:9      | Gained mutation: You have claws for feet. [demonic
                  | ancestry]
 10495 | D:9      | Reached XP level 10. HP: 74/89 MP: 10/10
 10900 | D:9      | Noticed Pikel
 10909 | D:9      | Killed Pikel
 10910 | D:9      | Reached skill level 12 in Fighting
 10910 | D:9      | Reached skill level 5 in Armour
 10963 | D:9      | Found a staircase to the Lair.
 11206 | D:9      | Found Woeti's Distillery.
 11679 | D:10     | Entered Level 10 of the Dungeon
 11852 | D:10     | Noticed a two-headed ogre
 11855 | D:10     | Killed a two-headed ogre
 12124 | D:10     | Noticed a two-headed ogre
 12130 | D:10     | Killed a two-headed ogre
 12131 | D:10     | Reached skill level 1 in Shields
 12205 | D:10     | Found a shimmering blue altar of Sif Muna.
 12348 | D:10     | Found a staircase to the Orcish Mines.
 12371 | D:10     | Identified the +9 scimitar "Ifoqo" {antimagic, Str+3 Dex+3}
                  | (Trog gifted it to you on level 10 of the Dungeon)
 12371 | D:10     | Received a gift from Trog
 12444 | D:10     | Reached XP level 11. HP: 95/96 MP: 11/11
 12634 | D:11     | Noticed a two-headed ogre
 12643 | D:11     | Killed a two-headed ogre
 12920 | D:11     | Noticed a white ugly thing
 12926 | D:11     | Killed a white ugly thing
 13010 | D:11     | Noticed a seven-headed hydra
 13168 | D:11     | Noticed a boulder beetle
 13174 | D:10     | Killed a seven-headed hydra
 13241 | D:11     | Killed a boulder beetle
 13745 | D:11     | Reached skill level 10 in Maces & Flails
 14388 | D:12     | Noticed Erolcha
 14397 | D:12     | Killed Erolcha
 14433 | D:12     | Noticed a death knight
 14433 | D:12     | Noticed a skeletal warrior
 14442 | D:12     | Killed a death knight
 14443 | D:12     | Reached skill level 13 in Fighting
 14469 | D:12     | Killed a skeletal warrior
 14969 | D:12     | Gained mutation: You regenerate health from kills. [demonic
                  | ancestry]
 14969 | D:12     | Reached XP level 12. HP: 38/105 MP: 12/12
 15360 | Lair:1   | Entered Level 1 of the Lair of Beasts
 16818 | Lair:2   | Reached skill level 5 in Shields
 16830 | Lair:2   | Found a runed translucent door.
 16833 | Lair:2   | Noticed Gene's ghost (journeyman MiBe)
 16877 | Lair:2   | Found a runed translucent door.
 16903 | Lair:2   | Identified the +3 whip "Rummage" {vorpal, rPois rF+ Int+3}
 17043 | Lair:2   | Identified the -1 hat "Ixkic" {rF- rN+ Dex+5}
 17048 | Lair:2   | Noticed a boulder beetle
 17108 | Lair:2   | Killed a boulder beetle
 18548 | Lair:3   | Gained mutation: Spells you cast may paralyse nearby
                  | enemies. [demonic ancestry]
 18548 | Lair:3   | Reached XP level 13. HP: 112/112 MP: 13/13
 18657 | Lair:3   | Identified the Handbook of the Traveller and Calling
 19785 | Lair:4   | Noticed Josephine
 19905 | Lair:3   | Reached skill level 14 in Fighting
 20149 | Lair:4   | Killed Josephine
 20385 | Lair:4   | Noticed Urug
 20400 | Lair:4   | Killed Urug
 20439 | Lair:4   | Found a staircase to the Swamp.
 20741 | Lair:4   | Reached skill level 1 in Evocations
 20875 | Lair:4   | Noticed Kirke
 20894 | Lair:4   | Killed Kirke
 21037 | Lair:4   | Received a gift from Trog
 21107 | Lair:4   | Reached skill level 10 in Armour
 21372 | Lair:4   | Found a hole to the Spider Nest.
 21771 | Lair:5   | Found a burning altar of Makhleb.
 22179 | Lair:5   | Found a frozen archway.
 22190 | Lair:5   | Reached XP level 14. HP: 84/121 MP: 14/14
 22388 | IceCv    | Entered an ice cave
 23281 | IceCv    | Reached skill level 15 in Fighting
 23373 | IceCv    | Noticed a frost giant
 23388 | IceCv    | Killed a frost giant
 23388 | IceCv    | Received a gift from Trog
 24177 | Lair:6   | Entered Level 6 of the Lair of Beasts
 25185 | Lair:6   | Reached skill level 5 in Evocations
 25302 | Lair:6   | Identified a scroll of acquirement
 25794 | Lair:2   | Killed Gene's ghost
 25796 | Lair:2   | Identified the amulet "Cary Sue" {Reflect Slay+2 SH+5}
 25807 | Lair:2   | Acquired 1278 gold pieces
 26109 | Lair:6   | Found a staircase to the Slime Pits.
 26127 | Lair:5   | Reached skill level 10 in Shields
 26136 | Lair:6   | Reached XP level 15. HP: 125/130 MP: 15/15
 26371 | Lair:6   | Received a gift from Trog
 26655 | Lair:6   | Reached ****** piety under Trog
 27201 | Orc:1    | Entered Level 1 of the Orcish Mines
 27518 | Orc:1    | Found a dark tunnel.
 27554 | Volcano  | Entered a volcano
 27596 | Volcano  | Reached skill level 16 in Fighting
 27670 | Volcano  | Noticed an orb of fire
 27704 | Volcano  | Noticed an orb of fire
 28180 | Orc:2    | Entered Level 2 of the Orcish Mines
 28180 | Orc:2    | Found a staircase to the Elven Halls.
 28431 | Orc:2    | Found Uxaxae's Assorted Antiques.
 28479 | Orc:2    | Received a gift from Trog
 29024 | Orc:2    | Found Jelaogis's Jewellery Boutique.
 29036 | Orc:2    | Paralysed by an ogre mage for 6 turns
 29109 | Orc:2    | Found Fustrau's Antique Weapon Shoppe.
 29122 | Orc:2    | Found Geocre's Distillery.
 29613 | Swamp:1  | Entered Level 1 of the Swamp
 29672 | Swamp:1  | Identified the +1 robe "Iremoatt" {Rampage Will+}
 29736 | Swamp:1  | Received a gift from Trog
 30823 | Swamp:1  | Gained mutation: Your magical and physical power is
                  | slightly enhanced at high health. [demonic ancestry]
 30823 | Swamp:1  | Reached XP level 16. HP: 139/139 MP: 16/16
 32186 | Swamp:3  | Identified the +7 rapier of Untimely Demise {pain, Str+2
                  | Stlth+}
 33396 | Swamp:3  | Noticed a thorn hunter
 33412 | Swamp:3  | Killed a thorn hunter
 33771 | Swamp:4  | Entered Level 4 of the Swamp
 33976 | Swamp:4  | Reached skill level 17 in Fighting
 34023 | Swamp:4  | Noticed Mara
 34197 | Swamp:4  | Noticed ChaosMuffin's illusion
 34517 | Swamp:4  | Noticed ChaosMuffin's illusion
 34610 | Swamp:4  | Mangled by a bog body

Illustrated notes

Levels and vault maps discovered:
D:1:      psy_arrival_whirlpool, layout_basic, minmay_misc_feat_x
D:2:      layout_basic, minmay_misc_feat_columns
D:3:      layout_rooms, jmf_multi_god_temple, nicolae_overflow_crystal_walls,
          serial_shops, nicolae_shop_waterfront
D:4:      layout_basic, minitemple
D:5:      layout_loops_corners, grunt_temple_overflow_order_and_chaos_1,
          minmay_temple_entry_statues_fountains, portal_sewer_entry_d,
          uniq_grinder, uniq_crazy_yiuf_cottage, uniq_edmund
D:6:      layout_basic, nicolae_ossuary_entry_monument, hex_medium
D:7:      layout_loops_cross, lemuel_tele_altar, minivault_10,
          grunt_ministairs_15, minmay_chambers_of_fives
D:8:      layout_cave_pools, gammafunk_ghost_wrathful_warriors, serial_shops,
          shop, serial_bayou_pond_c, feat_on_display
D:9:      layout_roguey, david_lair_shrubbed, serial_shops,
          kennysheep_little_box, nrook_pool_corridor, uniq_pikel
D:10:     layout_roguey, kennysheep_mini_moat, orc_0_dummy
D:11:     layout_layer_cave
D:12:     layout_stronghold, chequers_serial_rivers_large_a, minmay_nine_imps,
          uniq_erolcha, uniq_rupert
Lair:1:   layout_cave_pods
Lair:2:   gammafunk_indiana_jones, layout_gridlike, ebering_ghost_inner_flame,
          beast_lair_carwin_7
Lair:3:   layout_small_grid, grunt_megastairs_5
Lair:4:   beast_lair_carwin_large_2, layout_loops_ring,
          skrybe_swamp_entry_bodies, spider_nest_entry_funnel_web,
          guppyfry_lair_drakes, uniq_josephine, uniq_urug, uniq_kirke
Lair:5:   layout_gridlike, portal_ice_cave_rime, basic_altar,
          beast_lair_carwin_8
Lair:6:   minmay_lair_end_frog_pond, layout_long_grid,
          nicolae_slime_entry_slimehenge, special_room
          [special_room_mythical_zoo]
Swamp:1:  layout_falls_marsh, serial_swamp_ruin, evilmike_swamp_ruin_house_3,
          evilmike_swamp_ruin_house_6
Swamp:2:  layout_falls_marsh, evilmike_swamp_ruin_house_1
Swamp:3:  layout_falls_marsh, evilmike_swamp_ruin_house_2
Swamp:4:  swamp_pestilence, layout_basic_swamp, swamp_pool5,
          infiniplex_staircase_pool, uniq_mara
Orc:1:    layout_caves, basic_altar, nicolae_volcano_entry_two_sided,
          uniq_maurice
Orc:2:    st_orc_open, layout_diamond_mine

Skill      XL: |  1  2  3  4  5  6  7  8  9 10 11 12 13 14 15 16 |
---------------+-------------------------------------------------+-----
Fighting       | 4 5 6 8 10 11 12 13 14 15 16 17 | 17.1
Maces & Flails | 4 6 9 10 12 | 12.3
Armour         | 2 4 6 7 8 10 11 12 13 | 13.2
Shields        | 1 4 6 8 10 11 12 | 12.0
Evocations     | 3 5 8 9 |  9.7
Dodging        | |  1.7

Action                   |  1- 3 |  4- 6 |  7- 9 | 10-12 | 13-15 | 16-18 || total
-------------------------+-------+-------+-------+-------+-------+-------++-------
Melee: Mace              |   125 |    13 |       |       |       |       ||   138
       Kick              |    13 |    33 |   152 |   282 |  1030 |   192 ||  1702
       Short sword       |       |    98 |   445 |    49 |       |       ||   592
       Whip              |       |       |       |   586 |  2371 |   395 ||  3352
Throw: Dart              |       |     2 |     6 |       |    11 |     6 ||    25
Invok: Berserk           |     4 |     3 |     9 |    15 |    24 |     6 ||    61
       Trog's Hand       |       |       |       |     3 |     2 |       ||     5
Evoke: Condenser vane    |       |       |       |     1 |       |       ||     1
       Phantom mirror    |       |       |       |     1 |     1 |     1 ||     3
       Piece from Xom's  |       |       |       |       |     4 |       ||     4
  Use: Scroll            |       |       |     6 |    10 |    12 |     2 ||    30
       Potion            |       |       |     2 |     6 |     3 |     2 ||    13
 Stab: Distracted        |       |       |       |       |     1 |       ||     1
Armor: Animal skin       |    20 |       |       |       |       |       ||    20
       Chain mail        |    13 |    64 |   187 |       |       |       ||   264
       Plate armour      |       |       |   192 |   308 |       |       ||   500
       Crystal plate arm |       |       |       |   162 |  1048 |   195 ||  1405
Dodge: Dodged            |    80 |    58 |   274 |   167 |   465 |    84 ||  1128
Block: Kite shield       |       |       |    22 |   343 |  1549 |   306 ||  2220
       Reflection        |       |       |       |       |    17 |     8 ||    25

Table legend: (Time is in decaauts)
 A = Elapsed time spent in this place.
 B = Non-inter-level travel time spent in this place.
 C = Inter-level travel time spent in this place.
 D = Time resting spent in this place.
 E = Time spent auto-exploring this place.
 F = Levels seen in this place.
 G = Mean time per level.
                   A        B        C        D        E       F      G
               +--------+--------+--------+--------+--------+-----+--------+
         Total |  34211 |  32561 |   1650 |   8248 |  18383 |  28 | 1221.8 |
       Dungeon |  15000 |  14091 |    909 |   2962 |   9184 |  12 | 1250.0 |
          Lair |  10371 |   9804 |    567 |   2269 |   5548 |   6 | 1728.5 |
         Swamp |   4891 |   4779 |    112 |   2626 |   1467 |   4 | 1222.8 |
  Orcish Mines |   1437 |   1377 |     60 |    158 |    809 |   2 |  718.5 |
         Sewer |    290 |    290 |      0 |      0 |    175 |   1 |  290.0 |
       Ossuary |    670 |    670 |      0 |      0 |    509 |   1 |  670.0 |
      Ice Cave |    985 |    985 |      0 |     71 |    482 |   1 |  985.0 |
       Volcano |    565 |    565 |      0 |    160 |    209 |   1 |  565.0 |
               +--------+--------+--------+--------+--------+-----+--------+

Top non-repeatable levels by time:
  Lair:4: 2113 daAuts
    D:11: 2007 daAuts
  Lair:5: 1968 daAuts
  Lair:2: 1866 daAuts
 Swamp:2: 1848 daAuts
     D:1: 1753 daAuts
  Lair:3: 1686 daAuts
 Swamp:1: 1528 daAuts
     D:9: 1485 daAuts
     D:5: 1468 daAuts
     D:7: 1383 daAuts
  Lair:6: 1373 daAuts
  Lair:1: 1363 daAuts
     D:4: 1318 daAuts
    D:10: 1278 daAuts
